 Dungeon Crawl Stone Soup version 0.24-a0-433-gbe6fa4f6cc (webtiles) character file.

Game seed: 3390599154120021341

2981 Gumption the Slasher (level 9, 0/68 HPs)
             Began as a Demonspawn Gladiator on June 14, 2019.
             Was an Initiate of Makhleb.
             Succumbed to a green ugly thing's poison
             ... on level 5 of the Dungeon.
             The game lasted 00:32:03 (6895 turns).

Gumption the Slasher (Demonspawn Gladiator)         Turns: 6895, Time: 00:32:03

Health: 0/68       AC: 17    Str: 15 (18) XL:     9   Next: 53%
Magic:  9/9        EV: 14    Int:  7 (9)  God:    Makhleb [......]
Gold:   435        SH: 10    Dex: 19 (20) Spells: 8/8 levels left

rFire    . . .     SeeInvis .   a - +1 long sword
rCold    . . .     Gourm    .   k - +0 shield
rNeg     . . .     Faith    .   j - +0 chain mail
rPois    .         Spirit   +   c - +1 helmet
rElec    .         Reflect  .   (no cloak)
rCorr    .         Harm     .   (no gloves)
MR       .....                  (no boots)
Stlth    ..........             (no amulet)
HPRegen  0.21/turn              s - +2 ring of protection
MPRegen  0.22/turn              q - +1 ring of evasion

@: agile, lethally poisoned (0 -> -5), hasted, very quick
A: talons 2, iridescent scales 2, magic shield, magic regeneration
a: Renounce Religion


You were on level 5 of the Dungeon.
You worshipped Makhleb.
Makhleb was noncommittal.
You were not hungry.

You visited 2 branches of the dungeon, and saw 8 of its levels.

You collected 435 gold pieces.

Inventory:

Hand Weapons
 a - a +1 long sword (weapon)
Missiles
 d - 3 throwing nets
 i - 176 stones
 o - 17 poisoned darts (quivered)
Armour
 c - a +1 helmet (worn)
 j - a +0 chain mail (worn)
 k - a +0 shield (worn)
Jewellery
 q - a +1 ring of evasion (right hand)
 s - a +2 ring of protection (left hand)
Wands
 h - a wand of random effects (21)
 v - a wand of disintegration (7)
Scrolls
 m - 7 scrolls of teleportation
 n - a scroll of identify
 p - 2 scrolls of remove curse
 r - a scroll of immolation
 w - a scroll of silence {unknown}
 x - a scroll of enchant weapon
Potions
 t - 2 potions of brilliance
 u - a potion of flight
Comestibles
 e - 18 rations


   Skills:
 + Level 5.3 Fighting
 * Level 7.1 Long Blades
 - Level 1.7 Throwing
 + Level 3.6 Armour
 + Level 5.9 Dodging
 * Level 6.3 Shields


You had 8 spell levels left.
You didn't know any spells.
Your spell library was empty.

Dungeon Overview and Level Annotations

Branches:
Dungeon (7/15)             Temple (1/1) D:7

Altars:
Ashenzari
Cheibriados
Dithmenos
Elyvilon
Fedhas
Gozag
Hepliaklqana
Kikubaaqudgha
Makhleb
Nemelex Xobeh
Okawaru
Qazlal
Ru
Uskayaw
Vehumet
Wu Jian
Xom
Yredelemnul
Zin
The Shining One


Innate Abilities, Weirdness & Mutations

You have razor-sharp toenails.
You are mostly covered in iridescent scales. (AC +4)
When hurt, damage is shared between your health and your magic reserves.
You regenerate magic rapidly.


Message History

* * * LOW HITPOINT WARNING * * *
You feel sick.
* * * LOW HITPOINT WARNING * * *
You feel sick.
* * * LOW HITPOINT WARNING * * *
You feel sick.
* * * LOW HITPOINT WARNING * * *
You feel sick.
Things that are here:
a +0 robe; a +3 scimitar
* * * LOW HITPOINT WARNING * * *
You feel sick.
There is a stone staircase leading up, spattered with blood here.
* * * LOW HITPOINT WARNING * * *
You feel sick.
You climb upwards.
* * * LOW HITPOINT WARNING * * *
You feel sick.
There is a stone staircase leading down here.
You die...

..# #..........# ..#
#..........# ..#
#..........# ###
#..........#
#..........#
#..........#
#########..........#
#..................#
#...........#@######
#...........#.#
#...........#>#
#...........###
#...........# ##
#...........# .#
#...........# .#
#...........# .#
#############


There were no monsters in sight!

Vanquished Creatures
  A gargoyle (D:7)
  A hippogriff (D:7)
  A water moccasin (D:5)
  An orc warrior (D:6)
  A black bear (D:7)
  An ice beast (D:7)
  3 sky beasts
  A phantom (D:4)
  A centaur (D:5)
  4 ogres
  A big kobold (D:3)
  2 bullfrogs (D:7)
  A scorpion (D:6)
  4 wights (D:6)
  4 crimson imps
  A hound (D:4)
  A jelly (D:6)
  A centaur skeleton (D:4)
  An orc priest (D:4)
  4 orc wizards
  Jessica (D:2)
  2 iguanas (D:7)
  6 worker ants
  A hound skeleton (D:7)
  Robin (D:2)
  3 gnolls (D:6)
  13 adders
  4 river rats (D:6)
  2 shadow imps (D:7)
  An ooze (D:7)
  4 worms
  3 dart slugs
  2 leopard geckos
  12 orcs
  4 giant cockroaches
  16 goblins
  7 hobgoblins
  2 jackals (D:6)
  7 kobolds
  A quokka (D:6)
  2 bats
  2 frilled lizards
  A quokka skeleton (D:4)
  6 rats
138 creatures vanquished.

Notes
Turn   | Place    | Note
-------+----------+-------------------------------------------
     0 | D:1      | Gumption the Demonspawn Gladiator began the quest for the
                  | Orb.
     0 | D:1      | Reached XP level 1. HP: 16/16 MP: 1/1
   182 | D:1      | Gained mutation: You have sharp toenails. [demonic
                  | ancestry]
   182 | D:1      | Reached XP level 2. HP: 20/22 MP: 2/2
   244 | D:1      | Reached skill level 3 in Long Blades
   555 | D:2      | Gained mutation: When hurt, damage is shared between your
                  | health and your magic reserves. [demonic ancestry]
   555 | D:2      | Reached XP level 3. HP: 13/27 MP: 3/3
   802 | D:2      | Noticed Jessica
   828 | D:2      | Killed Jessica
   828 | D:2      | Reached skill level 1 in Shields
  1154 | D:2      | Noticed Robin
  1170 | D:2      | Gained mutation: You are partially covered in iridescent
                  | scales. (AC +2) [demonic ancestry]
  1170 | D:2      | Reached XP level 4. HP: 23/34 MP: 2/4
  1180 | D:2      | Killed Robin
  2163 | D:3      | Reached XP level 5. HP: 33/39 MP: 5/5
  2625 | D:3      | Found a sparkling altar of Nemelex Xobeh.
  2891 | D:4      | Noticed a phantom
  2935 | D:4      | Killed a phantom
  2935 | D:4      | Reached skill level 4 in Long Blades
  2935 | D:4      | Gained mutation: You have razor-sharp toenails. [demonic
                  | ancestry]
  2935 | D:4      | Reached XP level 6. HP: 42/47 MP: 4/6
  3183 | D:4      | Noticed a +0 hand axe
  3183 | D:4      | Noticed a +0 hand axe
  3220 | D:4      | Found a hide-covered altar of Uskayaw.
  3641 | D:5      | Entered Level 5 of the Dungeon
  3686 | D:5      | Gained mutation: You are mostly covered in iridescent
                  | scales. (AC +4) [demonic ancestry]
  3686 | D:5      | Reached XP level 7. HP: 39/52 MP: 4/7
  3772 | D:5      | Reached skill level 1 in Armour
  4019 | D:5      | Reached skill level 5 in Long Blades
  4368 | D:6      | Gained mutation: You regenerate magic rapidly. [demonic
                  | ancestry]
  4368 | D:6      | Reached XP level 8. HP: 24/60 MP: 3/8
  4552 | D:5      | Reached skill level 5 in Dodging
  5020 | D:6      | Found a shimmering altar of Xom.
  5487 | D:6      | Reached skill level 5 in Shields
  5680 | D:6      | Noticed an angel
  5681 | D:6      | Found a glowing silver altar of Zin.
  5742 | D:6      | Reached skill level 6 in Long Blades
  6133 | D:7      | Noticed a hippogriff
  6140 | D:7      | Reached XP level 9. HP: 46/67 MP: 7/9
  6317 | D:7      | Found a staircase to the Ecumenical Temple.
  6329 | Temple   | Entered the Ecumenical Temple
  6387 | Temple   | Became a worshipper of Makhleb the Destroyer
  6587 | D:7      | Reached skill level 5 in Fighting
  6759 | D:7      | Found a sparkling altar of Nemelex Xobeh.
  6799 | D:7      | Noticed a troll
  6799 | D:7      | Noticed a gargoyle
  6831 | D:7      | Killed a gargoyle
  6831 | D:7      | Reached skill level 7 in Long Blades
  6838 | D:7      | Noticed a green ugly thing
  6841 | D:7      | Noticed a manticore
  6889 | D:6      | HP: 3/68 [poisoned by a green ugly thing]
  6893 | D:5      | HP: 1/68 [poisoned by a green ugly thing]
  6895 | D:5      | Succumbed to a green ugly thing's poison

Levels and vault maps discovered:
D:1:      evilmike_arrival_fibonacci_small, layout_rooms
D:2:      layout_loops_ring, st_stairs_3, uniq_robin, uniq_jessica
D:3:      layout_loops_ring, first_ration, nemelex_lonely_heart_becter
D:4:      layout_cave_pools, dancing_weapons_uskayaw
D:5:      layout_basic
D:6:      layout_loops_ring, zin_angel, xom_butterflies,
          lightli_sewer_entry_pipes
D:7:      minmay_the_grid_triangle_9x9_recursive_2
          [minmay_the_grid_triangle_9x9_prize_top_heavy,
          minmay_the_grid_triangle_9x9_pentomino_pain,
          minmay_the_grid_triangle_9x9_sparse_checkered,
          minmay_the_grid_triangle_9x9_negative_grid], layout_cave_pools,
          marbit_many_paths, minmay_temple_entry_nine_rooms, uniq_joseph
Temple:   nicolae_temple_x_marks_the_god

Skill      XL: |  1  2  3  4  5  6  7  8  9 |
---------------+----------------------------+-----
Long Blades    | 3 4 5 6 7 |  7.1
Dodging        | 3 4 5 |  5.9
Shields        | 1 2 3 4 5 6 |  6.3
Fighting       | 3 4 5 |  5.3
Armour         | 1 2 3 |  3.6
Throwing       | |  1.7

Action                   |  1- 3 |  4- 6 |  7- 9 || total
-------------------------+-------+-------+-------++-------
Melee: Long sword        |    69 |   200 |   442 ||   711
       Kick              |    10 |    62 |   150 ||   222
Throw: Dart              |       |    25 |    10 ||    35
  Use: Scroll            |       |     7 |     6 ||    13
       Potion            |       |       |     6 ||     6
  Eat: Chunk             |     1 |     8 |     8 ||    17
       Ration            |       |       |     1 ||     1
Armor: Leather armour    |    13 |    53 |       ||    66
       Chain mail        |       |    24 |   245 ||   269
Dodge: Dodged            |    29 |    60 |   105 ||   194
Block: Shield            |    25 |    60 |   223 ||   308
       Rpst.: Long sword |    11 |    13 |    30 ||    54

Table legend:
 A = Non-vault XP
 B = Vault XP
 C = Vault XP percentage of total XP
 D = Non-vault monster count
 E = Vault monster count
 F = Vault count percentage of total count
                 A         B        C        D         E       F
            +---------+---------+-------+---------+---------+-------
      Total |    3391 |     868 |  20.4 |     110 |      28 |  20.3
            +---------+---------+-------+---------+---------+-------
        D:1 |      27 |       0 |   0.0 |      14 |       0 |   0.0
        D:2 |      52 |      70 |  57.4 |      14 |      12 |  46.2
        D:3 |     181 |       0 |   0.0 |      21 |       0 |   0.0
        D:4 |     372 |       0 |   0.0 |      13 |       0 |   0.0
        D:5 |     728 |       0 |   0.0 |       9 |       0 |   0.0
        D:6 |     912 |     103 |  10.1 |      23 |      10 |  30.3
        D:7 |    1119 |     695 |  38.3 |      16 |       6 |  27.3
            +---------+---------+-------+---------+---------+-------
